 Dungeon Crawl Stone Soup version 0.30.0-5-g1a98f26d00 (webtiles) character file.

Game seed: 10046224789091964027

79 qeuew the Shield-Bearer (level 4, 0/29 HPs)
             Began as a Gargoyle Fighter on May 10, 2023.
             Was a Follower of Trog.
             Slain by a gnoll
             ... wielding a +0 flail
              (9 damage)
             ... on level 3 of the Dungeon.
             The game lasted 00:01:52 (1024 turns).

qeuew the Shield-Bearer (Gargoyle Fighter)          Turns: 1024, Time: 00:01:52

Health: 0/29       AC: 12    Str: 20    XL:     4   Next: 37%
Magic:  4/4        EV:  9    Int:  8    God:    Trog [*.....]
Gold:   95         SH:  5    Dex: 14    Spells: 3/3 levels left

rFire   . . .        a - +1 flail
rCold   . . .        c - +0 buckler
rNeg    + . .        b - +0 scale mail
rPois   ∞            (no helmet)
rElec   +            (no cloak)
rCorr   +            g - +1 pair of gloves
SInv    .            (no boots)
Will    .....        (no amulet) Stlth
                     f - ring of resist corrosion
HPRegen 0.24/turn    h - ring of Noany {Fly rPois Dex+3}
MPRegen 0.09/turn

%: no passive effects
@: flying
A: sickness immunity, AC +3, negative energy resistance 1, electricity
resistance, torment resistance 1, petrification resistance
a: Renounce Religion, Berserk


You were on level 3 of the Dungeon.
You worshipped Trog.
Trog was aware of your devotion.
You visited 1 branch of the dungeon, and saw 4 of its levels.

You collected 95 gold pieces.

Inventory:

Hand Weapons
 a - a +1 flail (weapon)
Armour
 b - a +0 scale mail (worn)
 c - a +0 buckler (worn)
 g - a +1 pair of gloves (worn)
Jewellery
 f - a ring of resist corrosion (left hand)
 h - the ring of Noany (right hand) {Fly rPois Dex+3}
   (You found it on level 2 of the Dungeon)

   [ring of flight]

   Dex:       It affects your dexterity (+3).
   rPois:     It protects you from poison.
   Fly:       It grants you flight.
Wands
 i - a wand of iceblast (8)
Scrolls
 e - 2 scrolls of enchant weapon
Potions
 d - a potion of might
 j - a potion of heal wounds {unknown}
 k - a potion of curing


   Skills:
 + Level 3.8 Fighting
 * Level 3.2 Maces & Flails
 + Level 3.8 Armour
 + Level 3.8 Shields


You had 3 spell levels left.
You didn't know any spells.
Your spell library contained the following spells:

 Spells                   Type           Power      Damage    Failure   Level
 Dazzling Flash           Conj/Hex       0%         N/A       99%         3
 Agony                    Necr           0%         N/A       100%        5
 Silence                  Hex/Air        0%         N/A       100%        5


Dungeon Overview and Level Annotations

Branches:
Dungeon (4/15)
 Temple: D:4-7

Altars:
Trog

Shops:
D:3 :


Innate Abilities, Weirdness & Mutations

You are immune to sickness and miasma.
Your stone body is resilient. (AC +3)
You are immune to poison.
You resist negative energy. (rN+)
You are resistant to electric shocks. (rElec)
You are resistant to unholy torment.
You are immune to petrification.


Message History

You hit the gnoll.
The gnoll is almost dead.
You block the gnoll's attack. The gnoll hits you but does no damage.
You sock the gnoll!
You kill the gnoll!
Trog accepts your kill. The gnoll hits you but does no damage.
The gnoll hits you with a +0 spear.
Things that are here:
a +0 club; a gnoll corpse You hit the gnoll.
The gnoll is lightly wounded.
The gnoll hits you with a +0 spear! You block the gnoll's attack.
You sock the gnoll!
The gnoll is almost dead.
The gnoll hits you with a +0 spear.
You are too injured to fight recklessly!
You are too injured to fight recklessly!
You are too injured to fight recklessly!
You are too injured to fight recklessly!
You are too injured to fight recklessly!
You are too injured to fight recklessly!
You are too injured to fight recklessly!
You are too injured to fight recklessly!
You are too injured to fight recklessly!
You are too injured to fight recklessly!
You are too injured to fight recklessly!
You are too injured to fight recklessly!
Unknown command.
You completely miss the gnoll.
The gnoll is almost dead.
The gnoll hits you with a +0 spear.
* * * LOW HITPOINT WARNING * * *
Unknown command.
You sock the gnoll!
You kill the gnoll!
Trog accepts your kill.
Unknown command.
You hit the gnoll but do no damage. The gnoll hits you with a +0 flail!
You die...

### #.. #
#.# #.. #.#
#..####.####
#.gg@.....#
#...###.##.#
#?... #.##.#
# ###.
#.##.##.# #
#..∩.[..#
###..######
##......#
######.# ###
#)#


You could see 2 gnolls.

Vanquished Creatures
  A hound (D:4)
  2 gnolls (D:3)
  An adder (D:2)
  A worm (D:4)
  3 endoplasms
  A giant cockroach (D:1)
  2 goblins
  2 quokkas (D:1)
  A ball python (D:1)
  A bat (D:1)
  A frilled lizard (D:1)
  A kobold (D:1)
  4 rats
21 creatures vanquished.

Notes
Turn   | Place    | Note
-------+----------+-------------------------------------------
     0 | D:1      | qeuew the Gargoyle Fighter began the quest for the Orb.
     0 | D:1      | Reached XP level 1. HP: 14/14 MP: 1/1
    65 | D:1      | Found a faded altar of an unknown god.
    65 | D:1      | Noticed a great orb of eyes
    68 | D:1      | Noticed an eye of devastation
    68 | D:1      | Noticed an eye of devastation
    68 | D:1      | Noticed a great orb of eyes
    78 | D:1      | Prayed at the altar of an unknown god.
    78 | D:1      | Became a worshipper of Trog the Wrathful
    78 | D:1      | Reached * piety under Trog
   182 | D:1      | Reached XP level 2. HP: 19/19 MP: 2/2
   793 | D:2      | Identified the ring of Noany {Fly rPois Dex+3}
   815 | D:2      | You are sucked into a shaft and drop 2 floors!
   835 | D:4      | Reached XP level 3. HP: 15/23 MP: 3/3
   930 | D:4      | Reached XP level 4. HP: 29/29 MP: 4/4
  1003 | D:3      | Found Kangic's Book Shoppe.
  1024 | D:3      | Slain by a gnoll

Illustrated notes

Levels and vault maps discovered:
D:1:      dpeg_arrival_circle_labyrinth_a, layout_basic,
          hellmonk_ecumenical_altar_watching_god, serial_forest,
          infiniplex_forest_straight_2, infiniplex_forest_straight_2,
          infiniplex_forest_end_double, infiniplex_forest_clump_tiny,
          infiniplex_forest_lined_1, infiniplex_forest_lined_1,
          infiniplex_forest_straight_4
D:2:      layout_basic, kennysheep_generic_room_10
D:3:      layout_loops_corners, pdpol_temple_overflow_zin_treasury_gozag_greed,
          overflow_temple_1_default, portal_sewer_entry_c, serial_shops, shop,
          shop, shop, shop, nicolae_lakefront_shop
D:4:      layout_loops_ring, minmay_temple_entry_mini_moons,
          ebering_ghost_reflecting_pool, serial_shops, shop,
          nicolae_shop_peninsula, shop_fountains, enter_ossuary_2,
          minmay_hedge_maze, minmay_box_of_dots, uniq_pikel

Skill      XL: |  1  2  3 |
---------------+----------+-----
Maces & Flails | 3 |  3.2
Fighting       | |  3.8
Armour         | |  3.8
Shields        | |  3.8

Action                     |  1- 3 |  4- 6 || total
---------------------------+-------+-------++-------
  Melee: Flail             |    78 |    16 ||    94
    Use: Scroll            |     4 |       ||     4
 Armour: Scale mail        |    52 |     4 ||    56
  Dodge: Dodged            |    25 |     7 ||    32
  Block: Buckler           |    13 |     2 ||    15
